 Dungeon Crawl Stone Soup version 0.27.1-1-g398f81649c (webtiles) character file.

Game seed: 16558265876702515451

83755 bnorton916 the Devastator (level 15, -5/90 HPs)
             Began as a Deep Elf Conjurer on Sept 20, 2021.
             Was an Elder of Ashenzari.
             Killed by divine providence
             ... invoked by an orc high priest
              (10 damage)
             ... on level 2 of the Orcish Mines on Sept 21, 2021.
             The game lasted 01:12:45 (34118 turns).

bnorton916 the Devastator (Deep Elf Conjurer)      Turns: 34118, Time: 01:12:45

Health: -5/90      AC:  9    Str:  6      XL:     15   Next: 33%
Magic:  23/36      EV: 17    Int: 33 (34) God:    Ashenzari [****..]
Gold:   1922       SH:  6    Dex: 13      Spells: 29/44 levels left

rFire    . . .     SeeInvis +   W - staff of conjuration
rCold    . . .     Faith    .   k - +1 buckler of Supernal Wisdom {Elem, Self} (curse)
rNeg     . . .     Spirit   .   G - +0 steam dragon scales of the Esoteric Portent {Bglg, Self} (curse)
rPois    .         Reflect  .   M - +2 hat of the Omniscient Portent {Evo, Elem} (curse)
rElec    .         Harm     .   i - +0 cloak of the All-Knowing {Elem, Range} (curse)
rCorr    .         Rampage  .   (no gloves)
Will     +....     Clarity  +   (no boots)
Stlth    ++........             q - amulet of Ashenzari's Shame {RegenMP, Melee, Bglg} (curse)
HPRegen  0.25/turn              t - ring of flight
MPRegen  0.50/turn              m - ring "Share My Regret" {Int+6, Evo, Bglg} (curse)

@: flying
A: no striking features
a: Renounce Religion, Curse Item, Shatter the Chains


You were on level 2 of the Orcish Mines.
You worshipped Ashenzari.
Ashenzari was greatly pleased with you.
You visited 3 branches of the dungeon, and saw 20 of its levels.

You collected 2022 gold pieces.
You spent 100 gold pieces at shops.

Inventory:

Hand Weapons
 j - a +0 vorpal mace
 o - a +3 dagger of venom
 v - a +3 long sword
 D - a +5 short sword
Missiles
 n - 4 silver boomerangs
 K - 3 throwing nets
 P - 5 curare-tipped darts
Armour
 i - the cursed +0 cloak of the All-Knowing (worn) {Elem, Range}
   (You found it on level 2 of the Dungeon)

   It has a curse which improves the following skills: Elements: Fire Magic, Ice
   Magic, Air Magic and Earth Magic.
   Ranged Combat: Slings, Bows, Crossbows and Throwing.
 k - the cursed +1 buckler of Supernal Wisdom (worn) {Elem, Self}
   (You found it on level 2 of the Dungeon)

   It has a curse which improves the following skills: Elements: Fire Magic, Ice
   Magic, Air Magic and Earth Magic.
   Introspection: Fighting and Spellcasting.
 G - the cursed +0 steam dragon scales of the Esoteric Portent (worn) {Bglg, Self}
   (You took it off Maggie on level 8 of the Dungeon)

   It has a curse which improves the following skills: Beguiling: Conjurations,
   Hexes and Translocations.
   Introspection: Fighting and Spellcasting.
 M - the cursed +2 hat of the Omniscient Portent (worn) {Evo, Elem}
   (You took it off Gastronok on level 1 of the Lair of Beasts)

   It has a curse which improves the following skills: Evocations: Evocations.
   Elements:  Fire Magic, Ice Magic, Air Magic and Earth Magic.
Magical Staves
 r - a staff of cold
 W - a staff of conjuration (weapon)
Jewellery
 l - a ring of fire
 m - the cursed ring "Share My Regret" (right hand) {Int+6, Evo, Bglg}
   (You found it on level 5 of the Dungeon)

   [ring of intelligence]

   Int:       It affects your intelligence (+6).
   It has a curse which improves the following skills: Evocations: Evocations.
   Beguiling: Conjurations, Hexes and Translocations.
 q - the cursed amulet of Ashenzari's Shame (around neck) {RegenMP, Melee, Bglg}
   (You found it on level 5 of the Dungeon)

   [amulet of magic regeneration]

   It increases your rate of magic regeneration.
   It has a curse which improves the following skills: Melee Combat: Short
   Blades, Long Blades, Axes, Maces & Flails, Polearms, Staves and Unarmed
   Combat.
   Beguiling: Conjurations, Hexes and Translocations.
 t - a ring of flight (left hand)
 x - a ring of willpower
 I - a ring of poison resistance
 Q - a ring of protection from cold
 U - the ring "Naudoh" {rCorr Dex+6 Stlth+}
   (You found it on level 11 of the Dungeon)

   [ring of dexterity]

   Dex:       It affects your dexterity (+6).
   rCorr:     It protects you from acid and corrosion.
   Stlth:     It makes you more stealthy.
 X - a +4 ring of protection
Wands
 y - a wand of flame (52)
 F - a wand of paralysis (10)
 L - a wand of polymorph (22)
 O - a wand of digging (10)
 T - a wand of iceblast (20)
Scrolls
 c - 2 scrolls of fog
 e - 2 scrolls of blinking
 h - 3 scrolls of enchant weapon
 p - 3 scrolls of noise
 w - 2 scrolls of fear
 E - 2 scrolls of magic mapping
 H - 5 scrolls of teleportation
 S - 3 scrolls of amnesia
 V - a scroll of summoning
Potions
 a - 4 potions of might
 b - 11 potions of curing
 d - a potion of haste
 f - 2 potions of brilliance
 g - 4 potions of heal wounds
 z - 9 potions of flight
 A - a potion of cancellation
 B - 9 potions of ambrosia
 N - 9 potions of mutation


   Skills:
 - Level 5.7(9.2) Fighting
 - Level 3.0(5.0) Short Blades
 - Level 5.1(7.3) Throwing
 - Level 7.2 Armour
 - Level 11.0 Dodging
 - Level 4.0 Stealth
 - Level 4.0 Shields
 + Level 12.3(15.4) Spellcasting
 - Level 17.7(21.4) Conjurations
 - Level 6.2(10.8) Hexes
 - Level 5.2(9.6) Translocations
 - Level 4.3(8.6) Fire Magic
 - Level 8.0(12.4) Ice Magic
 - Level 3.5(7.6) Earth Magic
 - Level 3.2(6.2) Evocations


You had 29 spell levels left.
You knew the following spells:

 Your Spells              Type           Power      Damage    Failure   Level
a - Magic Dart            Conj           100%       1d8       0%          1
b - Searing Ray           Conj           100%       3d7       0%          2
c - Fulminant Prism       Conj/Hex       57%        3d25      1%          4
d - Iskenderun's Mystic   Conj/Tloc      100%       2d19      1%          4
e - Tukima's Dance        Hex            77%        N/A       1%          3
f - Corona                Hex            85%        N/A       1%          1

Your spell library contained the following spells:

 Spells                   Type           Power      Damage    Failure   Level
 Foxfire                  Conj/Fire      100%       2x1d9     0%          1
 Conjure Flame            Conj/Fire      100%       6-21      0%          3
 Dazzling Flash           Conj/Hex       100%       N/A       0%          3
 Beastly Appendage        Tmut           50%        N/A       1%          1
 Shock                    Conj/Air       100%       1d9       1%          1
 Blink                    Tloc           N/A        N/A       1%          2
 Ensorcelled Hibernation  Hex/Ice        100%       N/A       1%          2
 Passwall                 Tmut/Erth      41%        N/A       1%          2
 Slow                     Hex            77%        N/A       1%          2
 Confusing Touch          Hex            77%        N/A       1%          3
 Gell's Gravitas          Tloc           36%        N/A       1%          3
 Ignite Poison            Fire/Tmut/Pois 44%        N/A       1%          3
 Inner Flame              Hex/Fire       74%        N/A       1%          3
 Lesser Beckoning         Tloc           36%        N/A       1%          3
 Teleport Other           Tloc           73%        N/A       1%          3
 Manifold Assault         Tloc           73%        N/A       1%          5
 Wereblood                Tmut           25%        N/A       2%          2
 Swiftness                Air            30%        N/A       3%          3
 Spider Form              Tmut/Pois      12%        N/A       4%          3
 Yara's Violent Unravell  Hex/Tmut       28%        3d12      4%          5
 Airstrike                Air            15%        N/A       12%         4
 Storm Form               Tmut/Air       13%        N/A       100%        7


Dungeon Overview and Level Annotations

Branches:
Dungeon (12/15)            Temple (0/1) D:5            Lair (6/6) D:8
 Shoals (0/4) Lair:4        Snake (0/4) Lair:4        Slime (0/5) Lair:5
    Orc (2/2) D:11            Elf (0/3) Orc:2

Altars:
Ashenzari
Dithmenos
Fedhas
Gozag
Kikubaaqudgha
Makhleb
Nemelex Xobeh
Okawaru
Qazlal
Trog
Uskayaw
Vehumet
Xom
Yredelemnul
The Shining One

Shops:
D:9 (   Orc:2 !!(

Annotations:
D:10 2 transporters, deafmute's ghost, journeyman DDFi
Lair:5 2 transporters


Message History

The orc high priest mumbles some strange prayers to Beogh against you.
Beogh smites you!
Casting: Iskenderun's Mystic Blast (safe; 1% risk of failure)
Confirm with . or Enter, or press ? or * to list all spells.
Aiming: Fulminant Prism (safe; 1% risk of failure)
Press: ? - help, Dir - move target You feel a surge of power!
You conjure a prism of explosive energy!
A fulminant prism comes into view.
The sun demon hits you!!
You are engulfed in flames!
Your fulminant prism crackles loudly.
You block the sun demon's attack.
The orc high priest mumbles some strange prayers to Beogh against you.
Beogh smites you!
Your fulminant prism explodes!
The blast of energy engulfs the orc high priest!!
The orc high priest is severely wounded.
You hear a shout! x2
Casting: Fulminant Prism (safe; 1% risk of failure)
Confirm with . or Enter, or press ? or * to list all spells.
Aiming: Fulminant Prism (safe; 1% risk of failure)
Press: ? - help, Dir - move target You feel a surge of power!
You conjure a prism of explosive energy!
A fulminant prism comes into view.
The sun demon hits you!!
* * * LOW HITPOINT WARNING * * *
You are engulfed in flames!
* * * LOW HITPOINT WARNING * * *
The sun demon closely misses you.
Casting: Fulminant Prism (safe; 1% risk of failure)
Confirm with . or Enter, or press ? or * to list all spells.
You feel a surge of power!
You erupt in a blast of force!
The mystic blast hits the sun demon.
The sun demon is severely wounded.
The sun demon is knocked back by the mystic blast.
The sun demon collides with your fulminant prism!
The orc high priest mumbles some strange prayers to Beogh against you.
Beogh smites you!
You die...

....>..#...<[..###[.###...###....
..#.#...[)....###.)###.#)#.###..#
..)..#....#[[###.[###...#)..###.#
.)......[...###.)###.o.###)*.###.
.......##..###)[###)*)##.##6..###
..#.....#####..[).)3[##...##)..##
...###.#####...)#...##..*{.##...#
..#.#######...#...)##o. *..##o#.
##...# ##∩.#..)@.##.. { #......
#.#..## #.....#.[##o.,{,,∩##{#...
......####∩.#.....##.. {,*#*{....
..##..#.###...#....##.{* #63 #.#.
..##...#.###....#...##.,#.o##...#
..........###......).##...##...#*
..........####..###...##.##{..##
.#...##...#.###..###)).###{..####
....####.#...###..###.).#...#####


You could see an orc high priest, a sun demon (summoned, ally target) and a
friendly fulminant prism.

Vanquished Creatures
  Rupert (Lair:5)
  Gastronok (Lair:1)
  The ghost of deafmute the Severer, a journeyman DDFi of Makhleb (Lair:1)
  The ghost of Dyvine the Fighter, a journeyman MiFi (Lair:3)
  Harold (Lair:1)
  3 hydras
  A boulder beetle (Lair:6)
  An ice dragon (Lair:6)
  A catoblepas (Lair:5)
  An ogre mage (Orc:2)
  4 two-headed ogres
  6 death yaks (Lair:6)
  3 orc high priests (Orc:2)
  Sonja (Lair:2)
  Nergalle (Lair:4)
  2 lindwurms (Lair:6)
  A torturous demonspawn (Orc:2)
  4 orc knights (Orc:2)
  6 orc sorcerers
  A cyclops (Orc:1)
  An ugly thing (D:11)
  2 manticores
  5 torpor snails (Lair:6)
  An orange demon (Orc:2)
  7 black mambas
  10 cane toads
  Maggie (D:8)
  2 ice devils (Orc:2)
  A hellwing (Orc:2)
  4 komodo dragons
  5 rime drakes
  A red devil (Orc:2)
  A queen bee (Lair:1)
  17 polar bears
  4 tyrant leeches (Lair:6)
  5 trolls
  9 hornets
  3 raiju (Lair:6)
  A wind drake (Lair:4)
  7 dream sheep (Lair:6)
  Prince Ribbit (D:6)
  12 blink frogs
  A shadow (D:11)
  3 spriggans (Lair:1)
  2 wraiths
  11 wyverns
  56 yaks
  6 basilisks
  2 steam dragons
  4 vampire mosquitoes
  Menkaure (D:6)
  Edmund (D:6)
  A naga (Lair:4)
  8 wargs
  An acid dragon (D:10)
  17 water moccasins
  14 hell hounds (Lair:6)
  4 sky beasts
  22 orc warriors
  21 black bears
  14 ogres
  26 wolves
  5 necrophages
  3 centaurs
  A phantom (D:6)
  17 bullfrogs
  A gnoll sergeant (Orc:1)
  3 scorpions
  3 wyvern skeletons
  2 water moccasin skeletons
  33 killer bees
  5 howler monkeys
  20 wights
  A vampire bat (D:3)
  9 centaur zombies
  4 hounds
  4 jellies
  2 bullfrog zombies
  A human zombie (D:7)
  2 centaur skeletons
  18 orc priests
  A bullfrog skeleton (D:6)
  Jessica (D:2)
  4 iguanas
  6 orc wizards
  Terence (D:2)
  4 killer bee zombies (D:7)
  2 hound skeletons (D:4)
  4 mummies
  8 gnolls
  2 howler monkey zombies
  5 adders
  2 shadow imps (D:6)
  3 ufetubi (D:6)
  An adder skeleton (D:4)
  An adder zombie (D:5)
  3 worms
  2 dart slugs
  45 orcs
  12 bats
  8 endoplasms
  4 giant cockroaches
  5 hobgoblins
  12 jackals
  4 quokkas
  12 ball pythons
  2 frilled lizards (D:1)
  5 goblins
  7 kobolds
  7 rats
663 creatures vanquished.

Vanquished Creatures (collateral kills)
  An ogre mage (D:12)
  5 two-headed ogres
  Urug (D:10)
  A gargoyle (D:12)
  A yak (D:10)
  2 orc warriors (D:10)
  An ogre (D:12)
  3 centaurs
  An orc wizard (D:10)
16 creatures vanquished.

Vanquished Creatures (others)
  A bush (D:8)
  200 fulminant prisms
  86 fungi
  143 plants
  5 withered plants (D:9)
435 creatures vanquished.

Grand Total: 1114 creatures vanquished

Notes
Turn   | Place    | Note
-------+----------+-------------------------------------------
     0 | D:1      | bnorton916 the Deep Elf Conjurer began the quest for the
                  | Orb.
     0 | D:1      | Reached XP level 1. HP: 10/10 MP: 6/6
   195 | D:1      | Reached XP level 2. HP: 15/15 MP: 3/8
   797 | D:2      | Learned a level 2 spell: Searing Ray
   914 | D:2      | Noticed Terence
   924 | D:2      | Killed Terence
   925 | D:2      | Reached skill level 5 in Conjurations
   925 | D:2      | Reached XP level 3. HP: 19/19 MP: 2/10
  1175 | D:2      | Noticed Jessica
  1177 | D:2      | Killed Jessica
  1178 | D:2      | Reached XP level 4. HP: 24/24 MP: 8/12
  1709 | D:1      | Reached skill level 5 in Spellcasting
  2069 | D:1      | Found a faded altar of an unknown god.
  2120 | D:3      | Reached XP level 5. HP: 27/28 MP: 4/14
  2210 | D:3      | Reached skill level 6 in Conjurations
  2305 | D:3      | Found a shadowy altar of Dithmenos.
  3153 | D:4      | Reached XP level 6. HP: 32/32 MP: 11/17
  3158 | D:4      | Learned a level 4 spell: Fulminant Prism
  3163 | D:4      | Learned a level 4 spell: Iskenderun's Mystic Blast
  3197 | D:4      | Noticed a water moccasin
  3202 | D:4      | Killed a water moccasin
  3330 | D:4      | Reached skill level 1 in Hexes
  3342 | D:4      | Reached skill level 1 in Translocations
  3701 | D:4      | Reached XP level 7. HP: 36/36 MP: 13/19
  3771 | D:4      | Noticed a yak
  3771 | D:4      | Noticed a yak
  3771 | D:4      | Noticed a yak
  3783 | D:4      | Killed a yak
  3785 | D:4      | Killed a yak
  3787 | D:4      | Killed a yak
  3788 | D:4      | Reached skill level 5 in Hexes
  4059 | D:4      | Reached XP level 8. HP: 41/41 MP: 15/20
  4082 | D:4      | Reached skill level 5 in Translocations
  4547 | D:4      | Reached skill level 1 in Armour
  4560 | D:4      | Identified the +1 robe of Insatiable Hunger {+Inv Str+3}
  4997 | D:5      | Entered Level 5 of the Dungeon
  5100 | D:5      | Noticed a troll
  5111 | D:5      | Killed a troll
  5112 | D:5      | Reached skill level 5 in Dodging
  5464 | D:5      | Found a stormy altar of Qazlal.
  5470 | D:5      | Found a blossoming altar of Fedhas.
  5479 | D:5      | Found an iron altar of Okawaru.
  5485 | D:5      | Found a hide-covered altar of Uskayaw.
  5490 | D:5      | Found an ancient bone altar of Kikubaaqudgha.
  5496 | D:5      | Found a burning altar of Makhleb.
  5503 | D:5      | Found a broken altar of Ashenzari.
  5578 | D:2      | Learned a level 3 spell: Tukima's Dance
  5706 | D:5      | Became a worshipper of Ashenzari the Shackled
  6054 | D:5      | Reached skill level 1 in Shields
  6351 | D:5      | Found a staircase to the Ecumenical Temple.
  6741 | D:6      | Reached XP level 9. HP: 13/45 MP: 8/21
  6745 | D:6      | Noticed Menkaure
  6998 | D:6      | Killed Menkaure
  7005 | D:6      | Noticed Prince Ribbit
  7143 | D:6      | Killed Prince Ribbit
  7245 | D:6      | Noticed Edmund
  7254 | D:6      | Killed Edmund
  7755 | D:6      | Found a burning altar of Makhleb.
  8061 | D:6      | Found a radiant altar of Vehumet.
  8081 | D:6      | Reached skill level 10 in Dodging
  8212 | D:6      | Learned a level 1 spell: Corona
  8406 | D:7      | Reached XP level 10. HP: 33/50 MP: 13/22
  9081 | D:7      | Reached * piety under Ashenzari
  9088 | D:7      | Found a basalt altar of Yredelemnul.
  9116 | D:7      | Reached skill level 1 in Ice Magic
  9598 | D:7      | Reached skill level 1 in Fighting
  9599 | D:7      | Reached skill level 1 in Short Blades
  9599 | D:7      | Reached skill level 1 in Evocations
 10450 | D:8      | Found a staircase to the Lair.
 10790 | D:8      | Reached skill level 5 in Ice Magic
 11285 | D:8      | Noticed Maggie
 11290 | D:8      | Killed Maggie
 11291 | D:8      | Reached XP level 11. HP: 50/61 MP: 15/23
 11618 | D:8      | Identified the +0 helmet of Tulips {Regen+}
 11636 | D:8      | Reached ** piety under Ashenzari
 11736 | D:9      | Noticed a two-headed ogre
 11755 | D:9      | Killed a two-headed ogre
 12693 | D:9      | Found Akaff's Antique Weapon Boutique.
 12905 | Lair:1   | Entered Level 1 of the Lair of Beasts
 12980 | Lair:1   | Reached skill level 5 in Fighting
 13011 | Lair:1   | Reached skill level 1 in Fire Magic
 13082 | Lair:1   | Noticed Harold
 13144 | Lair:1   | Noticed Gastronok
 13835 | Lair:1   | Killed Harold
 14107 | Lair:1   | Found a runed translucent door.
 14210 | Lair:1   | Noticed an eight-headed hydra
 14219 | Lair:1   | Killed an eight-headed hydra
 14220 | Lair:1   | Reached skill level 10 in Spellcasting
 14220 | Lair:1   | Reached XP level 12. HP: 73/73 MP: 20/30
 15105 | Lair:1   | Identified the +3 trident "Peplodd" {vorpal, +Rage Dex+5}
 15121 | Lair:1   | Found an iron altar of Okawaru.
 15164 | Lair:1   | Noticed deafmute's ghost (journeyman DDFi)
 15204 | Lair:1   | Killed Gastronok
 15205 | Lair:1   | Reached skill level 5 in Armour
 15914 | Lair:2   | Reached skill level 7 in Conjurations
 16330 | Lair:2   | Noticed a boulder beetle
 16436 | Lair:2   | Noticed Sonja
 16444 | Lair:2   | Killed Sonja
 17485 | D:10     | Entered Level 10 of the Dungeon
 17493 | D:10     | Noticed a two-headed ogre
 17508 | D:9      | Reached skill level 8 in Conjurations
 17570 | D:10     | Noticed a two-headed ogre
 18073 | D:9      | Killed a two-headed ogre
 18158 | D:9      | Killed a two-headed ogre
 18190 | D:10     | Noticed a two-headed ogre
 18247 | D:10     | Killed a two-headed ogre
 18447 | D:10     | Noticed a two-headed ogre
 18451 | D:10     | Killed a two-headed ogre
 18452 | D:10     | Reached skill level 9 in Conjurations
 18452 | D:10     | Noticed Urug
 18459 | D:10     | Killed Urug
 18621 | D:10     | Found an opulent altar of Gozag.
 18632 | D:10     | Found a glowing golden altar of the Shining One.
 18640 | D:10     | Reached XP level 13. HP: 75/78 MP: 28/32
 18640 | D:10     | Found a sparkling altar of Nemelex Xobeh.
 18642 | D:10     | Found a shimmering altar of Xom.
 19077 | D:10     | Noticed deafmute's ghost (journeyman DDFi)
 19087 | D:10     | Found a transporter.
 19088 | D:10     | Found a bloodstained altar of Trog.
 19094 | D:10     | Reached *** piety under Ashenzari
 19096 | D:10     | Found a transporter.
 19121 | D:10     | Reached skill level 10 in Conjurations
 20173 | D:11     | Identified the ring "Naudoh" {rCorr Dex+6 Stlth+}
 20653 | D:11     | Found a staircase to the Orcish Mines.
 20738 | D:12     | Reached skill level 11 in Conjurations
 21248 | Lair:3   | Identified the +0 whip of Wrath {venom, *Corrode Str+4}
 21386 | Lair:3   | Found a transporter.
 21395 | Lair:3   | Found a transporter.
 21395 | Lair:3   | Noticed Dyvine's ghost (journeyman MiFi)
 21928 | Lair:3   | Reached skill level 12 in Conjurations
 22793 | Lair:4   | Found a staircase to the Shoals.
 23023 | Lair:4   | Found a staircase to the Snake Pit.
 23106 | Lair:4   | Noticed Nergalle
 23116 | Lair:4   | Killed Nergalle
 23600 | Lair:4   | Reached skill level 13 in Conjurations
 23970 | Lair:5   | Noticed Rupert
 24590 | Lair:5   | Found a transporter.
 24590 | Lair:5   | Found a transporter.
 24641 | Lair:6   | Entered Level 6 of the Lair of Beasts
 24875 | Lair:6   | Reached skill level 14 in Conjurations
 25238 | Lair:6   | Reached XP level 14. HP: 81/84 MP: 31/34
 26002 | Lair:6   | Reached skill level 15 in Conjurations
 27076 | Lair:6   | Reached skill level 16 in Conjurations
 27205 | Lair:6   | Found a runed translucent door.
 27343 | Lair:6   | Paralysed by a hornet for 2 turns
 27954 | Lair:6   | Reached skill level 17 in Conjurations
 28257 | Lair:6   | Identified the Catalogue of Transmutation and Intoxication
 29377 | Lair:5   | Killed Rupert
 29886 | Lair:5   | Found a staircase to the Slime Pits.
 30622 | Lair:3   | Killed Dyvine's ghost
 30691 | Lair:1   | Killed deafmute's ghost
 30966 | Orc:1    | Entered Level 1 of the Orcish Mines
 30983 | Orc:1    | Reached XP level 15. HP: 89/89 MP: 22/35
 31425 | Orc:2    | Entered Level 2 of the Orcish Mines
 31457 | Orc:2    | Reached **** piety under Ashenzari
 31507 | Orc:2    | Found Uppoebra's Weapon Emporium.
 31575 | Orc:2    | Reached skill level 1 in Throwing
 31964 | Orc:2    | Found Paic's Distillery.
 31965 | Orc:2    | Found Omeom Giamy's Distillery.
 32503 | Orc:2    | Found a staircase to the Elven Halls.
 32835 | Orc:2    | Bought a potion of heal wounds for 50 gold pieces
 32835 | Orc:2    | Bought a potion of heal wounds for 50 gold pieces
 33797 | Orc:2    | Reached skill level 5 in Throwing
 34118 | Orc:2    | Killed from afar by an orc high priest

Illustrated notes

Levels and vault maps discovered:
D:1:      dpeg_arrival_rhombi, layout_basic, dilly_ecumenical_altar_fadedgnrine,
          kennysheep_boxes
D:2:      layout_rooms, kennysheep_nondescript, uniq_terence, uniq_jessica
D:3:      layout_loops_ring, mainiacjoe_overflow_six_doors_small,
          grunt_ministairs_7, minmay_misc_feat_more_columns, roderic_batcave
D:4:      layout_cave_pods, small_statue_alley_b, minmay_joined_circles
D:5:      layout_basic, grunt_temple_overflow_octagram, minmay_temple_entry_tees
D:6:      minmay_inner_zag, layout_basic, minmay_misc_feat_nine_boxes,
          hangedman_feature_mirror, uniq_menkaure, uniq_prince_ribbit1,
          uniq_edmund
D:7:      layout_loops_ring, lemuel_mausoleum_altar_yredelemnul,
          minmay_misc_feat_plants
D:8:      layout_loops_ring, minmay_lair_entry_grove, uniq_maggie
D:9:      layout_irregular_city, serial_undead, serial_undead_b,
          serial_undead_f, serial_undead_a, serial_undead_b, serial_undead_e,
          serial_shops, nicolae_shop_temple_entry_statues_fountains
D:10:     layout_long_grid, grunt_temple_overflow_open, grunt_gozag_statues,
          gammafunk_ghost_wrathful_warriors, chequers_serial_rivers_marsh,
          minivault_24, nicolae_two_hexagons, onia_ninara_cookie, uniq_urug
D:11:     layout_basic, orc_0_dummy
D:12:     minmay_ornate_pinched, layout_rooms
Lair:1:   beast_lair_carwin_large_3, layout_small_grid, basic_altar,
          ebering_ghost_funeral_grove, special_room [special_room_bee],
          uniq_gastronok, uniq_harold
Lair:2:   layout_chaotic_city, chequers_serial_rivers_room_b,
          nzn_sisyphean_effort, serial_bayou_shore_a, grunt_megastairs_3,
          uniq_sonja
Lair:3:   layout_roguey, gammafunk_ghost_arena
Lair:4:   layout_roguey, minmay_shoals_entry_beasts,
          guppyfry_snake_entry_garden, infiniplex_staircase_pool, uniq_nergalle
Lair:5:   gammafunk_boulding_lane, layout_cave_pods, slime_dummy, uniq_rupert
Lair:6:   wormcave, layout_regular_city, hangedman_lair_caniforms_friends
Orc:1:    layout_diamond_mine
Orc:2:    pf_orc_diabolical, layout_caves, serial_shops, shop, mines4_lemuel

Skill      XL: |  1  2  3  4  5  6  7  8  9 10 11 12 13 14 15 |
---------------+----------------------------------------------+-----
Spellcasting   | 4 5 6 10 11 12 | 12.3
Conjurations   | 5 6 9 14 17 | 17.7
Hexes          | 2 5 6 |  6.2
Translocations | 2 4 5 |  5.2
Armour         | 3 7 |  7.2
Dodging        | 6 10 11 | 11.0
Shields        | 1 4 |  4.0
Ice Magic      | 5 8 |  8.0
Fighting       | 4 5 |  5.7
Short Blades   | 2 3 |  3.0
Evocations     | 3 |  3.2
Fire Magic     | 4 |  4.3
Earth Magic    | 3 |  3.5
Throwing       | 5 |  5.1
Stealth        | 4 |  4.0

Action                   |  1- 3 |  4- 6 |  7- 9 | 10-12 | 13-15 || total
-------------------------+-------+-------+-------+-------+-------++-------
Melee: Dagger            |       |     2 |     7 |    39 |    22 ||    70
       Staff             |       |       |       |       |     5 ||     5
 Cast: Magic Dart        |    51 |   112 |    90 |   167 |   150 ||   570
       Searing Ray       |     3 |    10 |    45 |    98 |    97 ||   253
       Fulminant Prism   |       |       |     2 |    38 |   161 ||   201
       Iskenderun's Myst |       |       |     6 |    56 |    94 ||   156
       Tukima's Dance    |       |       |     3 |    14 |    12 ||    29
       Corona            |       |       |       |     1 |       ||     1
Invok: Curse Item        |       |       |     1 |     3 |     2 ||     6
Evoke: Wand              |       |       |       |       |     1 ||     1
  Use: Scroll            |       |       |     9 |     1 |     2 ||    12
Armor: Robe              |     7 |     4 |    24 |    15 |       ||    50
       Steam dragon scal |       |       |       |    55 |    50 ||   105
Dodge: Dodged            |    29 |    15 |    59 |   249 |   190 ||   542
Block: Buckler           |       |       |       |    61 |    65 ||   126
